 Dungeon Crawl Stone Soup version 0.26-b1-32-g5d43845318 (webtiles) character file.

Game seed: 10238425323851472787

139 Borgoz the Ducker (level 5, -5/45 HPs)
             Began as a Ghoul Gladiator on Jan 13, 2021.
             Slain by a bullfrog (6 damage)
             ... while paralysed
             ... in a sewer.
             The game lasted 00:03:12 (2797 turns).

Borgoz the Ducker (Ghoul Gladiator)                 Turns: 2797, Time: 00:03:13

Health: -5/45      AC:  6    Str: 16 (19) XL:     5   Next: 22%
Magic:  4/4        EV:  2    Int:  0 (3)  God:
Gold:   128        SH:  0    Dex:  8 (10) Spells: 4/4 levels left

rFire    . . .     SeeInvis .   a - +0 flail
rCold    + . .     Faith    .   (no shield)
rNeg     + + +     Spirit   .   b - +0 leather armour
rPois    ∞         Reflect  .   c - +1 helmet
rElec    .         Harm     .   (no cloak)
rCorr    .         Rampage  .   (no gloves)
Will     .....                  p - +0 pair of boots
Stlth    +.........             (no amulet)
HPRegen  0.00/turn              (no ring)
MPRegen  0.09/turn              (no ring)

@: paralysed, attractive, slowed, lost intelligence
A: claws 1, cold resistance 1, negative energy resistance 3, inhibited
regeneration, torment resistance, unbreathing
a: no special abilities


You were in a sewer.
You visited 1 branch of the dungeon, and saw 4 of its levels.
You also visited: Sewer.

You collected 128 gold pieces.

Inventory:

Hand Weapons
 a - a +0 flail (weapon)
Missiles
 d - 3 throwing nets (quivered)
Armour
 b - a +0 leather armour (worn)
 c - a +1 helmet (worn)
 p - a +0 pair of boots (worn)
Scrolls
 f - a scroll of remove curse
Potions
 j - 2 potions of brilliance


   Skills:
 + Level 3.4 Fighting
 + Level 3.4 Maces & Flails
 - Level 1.7 Throwing
 + Level 1.9 Armour
 + Level 3.5 Dodging


You had 4 spell levels left.
You didn't know any spells.
Your spell library was empty.

Dungeon Overview and Level Annotations

Branches:
Dungeon (6/15)              Sewer (1/1)
 Temple: D:4-7

Altars:
Fedhas
Kikubaaqudgha
Jiyva


Innate Abilities, Weirdness & Mutations

You thrive by killing the living.
You are immune to poison.
You have sharp fingernails.
Your flesh is cold resistant. (rC+)
You are immune to negative energy. (rN+++)
You do not regenerate when monsters are visible.
You are immune to unholy pain and torment.
You can survive without breathing.


Message History

You feel clumsy.
The bullfrog hits you but does no damage.
The bullfrog swells and bulges.
The bullfrog hits you.
* * * LOW HITPOINT WARNING * * *
The bullfrog hits you but does no damage.
The bullfrog releases a deep croak.
The bullfrog hits you.
* * * LOW HITPOINT WARNING * * *
The bullfrog hits you.
* * * LOW HITPOINT WARNING * * *
The bullfrog swells and bulges.
The bullfrog hits you but does no damage.
The bullfrog hits you.
* * * LOW HITPOINT WARNING * * *
The bullfrog hits you.
* * * LOW HITPOINT WARNING * * *
The bullfrog hits you but does no damage.
The bullfrog hits you.
You die...

*.≈.*#.≈≈≈.###≈≈≈≈≈**
*,*
#§§§##.≈≈≈.#≈≈≈≈≈≈≈≈##
*,*
#§§l##.≈≈†.#≈≈≈≈≈≈≈≈≈##
*,*
*#§#*#.≈≈≈.≈≈≈≈≈≈≈≈≈≈≈#
*,* #§#
#.≈≈≈.≈≈≈≈≈≈≈≈≈≈≈# *,*
#§# #.≈≈≈.≈≈≈≈≈≈≈≈≈≈≈#*
*,* #§#
#.≈≈≈.≈≈≈≈≈..≈≈≈≈≈* *,*
#§# #.≈≈≈≈≈≈≈≈≈!..≈≈≈≈*
*,* #§#
#.≈≈≈≈≈≈≈.@F).≈≈≈≈* *,*
#.# #.≈≈≈≈≈≈≈≈≈F.≈≈≈≈≈#
*,* ###
#.≈≈≈≈≈≈≈≈≈..≈≈≈≈≈# *,*
#.≈≈≈≈≈≈≈.≈≈.≈≈≈≈≈# *,*
#.B≈≈≈≈≈.≈....≈≈≈#* *,*
#.≈≈≈≈≈≈≈≈≈≈≈.∩≈≈# *≈*
#.B≈≈≈≈≈≈≈≈≈.≈≈≈≈# *≈*
#.≈≈≈≈≈≈≈≈≈≈≈≈≈≈## *≈*
#.≈≈≈≈≈≈≈≈≈≈≈≈≈≈# *≈*


You could see 2 bullfrogs.

Vanquished Creatures
  An orc wizard (D:6)
  2 adders (D:2)
  2 worms (D:2)
  5 leopard geckos
  4 orcs (D:6)
  5 giant cockroaches
  6 goblins
  9 hobgoblins
  4 jackals (D:2)
  9 kobolds
  5 ball pythons
  8 bats
  10 frilled lizards
  8 rats
78 creatures vanquished.

Vanquished Creatures (others)
  A plant (D:1)
1 creature vanquished.

Grand Total: 79 creatures vanquished

Notes
Turn   | Place    | Note
-------+----------+-------------------------------------------
     0 | D:1      | Borgoz the Ghoul Gladiator began the quest for the Orb.
     0 | D:1      | Reached XP level 1. HP: 17/17 MP: 0/0
   345 | D:1      | Found a viscous altar of Jiyva.
   345 | D:1      | Noticed a jelly
   345 | D:1      | Noticed a jelly
   345 | D:1      | Noticed a jelly
   345 | D:1      | Noticed a jelly
   345 | D:1      | Noticed a jelly
   345 | D:1      | Noticed a jelly
   379 | D:1      | Reached XP level 2. HP: 18/25 MP: 1/1
  1078 | D:1      | Reached XP level 3. HP: 30/30 MP: 2/2
  1092 | D:1      | Reached skill level 1 in Armour
  1439 | D:2      | Found a blossoming altar of Fedhas.
  1670 | D:2      | Reached XP level 4. HP: 38/38 MP: 3/3
  1851 | D:2      | Found an ancient bone altar of Kikubaaqudgha.
  2600 | D:3      | You fall into a shaft and drop 3 floors!
  2634 | D:6      | Reached XP level 5. HP: 35/45 MP: 4/4
  2686 | D:6      | Found a glowing drain.
  2704 | Sewer    | Entered a sewer
  2794 | Sewer    | Lost intelligence.
  2796 | Sewer    | HP: 2/45 [bullfrog (1)]
  2797 | Sewer    | Slain by a bullfrog

Illustrated notes

Levels and vault maps discovered:
D:1:      erik_arrival_cave_to_civilisation [erik_arrival_cave_to_temple],
          layout_loops_ring, serial_bayou_ford_a, item_on_display_a
D:2:      layout_loops_ring, lemuel_round_altar, old_standard_altar,
          minmay_cut_off
D:3:      layout_basic, cheibriados_altar_1, general_overflow_altar
D:6:      cheibrodos_quashed, layout_loops_ring,
          gammafunk_temple_overflow_statue, gup_sewer_entry_bubbles
Sewer:    sewer_frog_island_01

Skill      XL: |  1  2  3 |
---------------+----------+-----
Maces & Flails | 3 |  3.4
Dodging        | 3 |  3.5
Armour         | 1 |  1.9
Fighting       | 3 |  3.4
Throwing       | |  1.7

Action                   |  1- 3 |  4- 6 || total
-------------------------+-------+-------++-------
Melee: Flail             |   117 |   139 ||   256
  Use: Potion            |       |     7 ||     7
       Scroll            |       |     8 ||     8
Armor: Leather armour    |    49 |    58 ||   107
Dodge: Dodged            |    77 |   111 ||   188
